 Dungeon Crawl Stone Soup version 0.31-a0-833-gc15d34cb79 (webtiles) character file.

Game seed: 13577299606453374077

4 javelincjr the Ruffian (level 1, -3/17 HPs)
             Began as a Djinni Shapeshifter on Sept 26, 2023.
             Slain by a gnoll
             ... wielding a +0 club
              (5 damage)
             ... on level 1 of the Dungeon.
             The game lasted 00:00:59 (168 turns).

javelincjr the Ruffian (Djinni Shapeshifter)         Turns: 168, Time: 00:00:59

Health: -3/17      AC:  2    Str: 13    XL:     1   Next: 77%
Gold:   8          EV: 12    Int: 11    God:
                   SH:  0    Dex: 12

rFire   + + .        f - +0 spear
rCold   x . .        (no shield)
rNeg    . . .        a - +0 animal skin
rPois   ∞            (helmet currently unavailable)
rElec   .            (cloak currently unavailable)
rCorr   .            (gloves currently unavailable)
SInv    .            (boots unavailable)
Will    .....        (no amulet)
Stlth   +            (no ring)
HPRegen 0.22/turn    (no ring)
MPRegen 0.00/turn

%: infuse magic (-4 HP)
@: beast-form, flying
A: beast (slay +1), flying, sickness immunity, fire resistance 2, cold
vulnerability 1, float, innate caster, HP casting, extra vitality 1
a: Begin Untransformation


You were on level 1 of the Dungeon.
You were a hulking beast.
You visited 1 branch of the dungeon, and saw 1 of its levels.

You collected 8 gold pieces.

Inventory:

Hand Weapons
 f - a +0 spear (weapon)
Armour
 a - a +0 animal skin (worn)
Talismans
 c - a beast talisman (active)
 d - a flux talisman
Scrolls
 e - a scroll of teleportation {unknown}
 g - a scroll of poison {unknown}
Potions
 b - a potion of lignification


   Skills:
 + Level 1.1 Fighting
 + Level 2.3 Dodging
 + Level 3.0 Unarmed Combat
 * Level 2.8 Shapeshifting You didn't know any spells. Your spell library was empty.

Dungeon Overview and Level Annotations

Branches:
Dungeon (1/15)

Altars:


Innate Abilities, Weirdness & Mutations

You are a hulking beast.
Your limbs bulge with bestial killing power. (Slay +1)
You are flying.
You are immune to sickness and miasma.
You are immune to poison.
Your flesh is very heat resistant. (rF++)
You are vulnerable to cold. (rC-)
You float through the air rather than walking.
You learn spells naturally, not from books.
Your magical power is your life essence.
You have superior vitality. (+4 MHP)


Message History

There are monsters nearby!
You hit the quokka but do no damage.
A hobgoblin comes into view.
The quokka closely misses you.
A ball python comes into view.
The ball python hisses angrily.
You hit the quokka.
The quokka is heavily wounded.
The quokka bites you.
A ball python comes into view.
The ball python hisses angrily.
You hit the quokka.
The quokka is almost dead.
The quokka closely misses you. The quokka bites you. The gnoll misses you.
You hit the quokka.
You kill the quokka!
The gnoll hits you with a +0 club.
You hit the gnoll.
The gnoll is lightly wounded.
The gnoll closely misses you. The hobgoblin hits you.
The gnoll attacks as it pursues you! The gnoll hits you with a +0 club.
You see here 2 puce potions.
You closely miss the gnoll.
The gnoll is lightly wounded.
The gnoll hits you with a +0 club.
* * * LOW HITPOINT WARNING * * *
You barely miss the gnoll.
The gnoll is lightly wounded.
The gnoll hits you with a +0 club.
* * * LOW HITPOINT WARNING * * *
You hit the gnoll.
The gnoll is lightly wounded.
The gnoll closely misses you.
You barely miss the gnoll.
The gnoll is lightly wounded.
The gnoll misses you.
You hit the gnoll.
The gnoll is heavily wounded.
The gnoll hits you with a +0 club.
You die...

#.# ########.#
## #.#
##..).....# #.#
.. #.#
#..######## .. .
#.# ##.## .
..##.##.###..#
#.
#.#..#....†.##
#..#........####
#.....###:..#
#!..#h#.!#
#.Sg###.#
#.#?....... ..
.....#..# #..
#....##.... ...
#.#... .##.. ..
#. .... ## . #.
..#.# .. .##..


You could see a gnoll and a ball python.

Vanquished Creatures
  A kobold (D:1)
  A quokka (D:1)
  A ball python (D:1)
  A frilled lizard (D:1)
  A goblin (D:1)
5 creatures vanquished.

Notes
Turn   | Place    | Note
-------+----------+-------------------------------------------
     0 | D:1      | javelincjr the Djinni Shapeshifter began the quest for the
                  | Orb.
     0 | D:1      | Reached XP level 1. HP: 17/17 MP: 0/0
   168 | D:1      | Slain by a gnoll

Illustrated notes

Levels and vault maps discovered:
D:1:      lightli_arrival_quake, layout_rooms, minmay_tetromino_t2

Action                     || total
---------------------------++-------
  Melee: Spear             ||    22
 Armour: Animal skin       ||    14
  Dodge: Dodged            ||     8

Table legend: (Time is in decaauts)
 A = Elapsed time spent in this place.
 B = Non-inter-level travel time spent in this place.
 C = Inter-level travel time spent in this place.
 D = Time resting spent in this place.
 E = Time spent auto-exploring this place.
 F = Levels seen in this place.
 G = Mean time per level.
                   A        B        C        D        E       F      G
               +--------+--------+--------+--------+--------+-----+--------+
         Total |    169 |    165 |      4 |      0 |    125 |   1 |  169.0 |
       Dungeon |    169 |    165 |      4 |      0 |    125 |   1 |  169.0 |
               +--------+--------+--------+--------+--------+-----+--------+

Top non-repeatable levels by time:
     D:1: 169 daAuts
